 Dungeon Crawl Stone Soup version 0.25-a0-424-g80bd347ae0 (console) character file.

Game seed: 3914690209207564657, levelgen mode: deterministic

234 Kagalorn the Gusty (level 6, -2/41 HPs)
             Began as a Human Air Elementalist on Jan 22, 2020.
             Slain by a gnoll
             ... wielding a +0 halberd
              (12 damage)
             ... on level 4 of the Dungeon.
             The game lasted 00:08:07 (3099 turns).

Kagalorn the Gusty (Human Air Elementalist)         Turns: 3099, Time: 00:08:07

Health: -2/41      AC:  3    Str:  9    XL:     6   Next: 26%
Magic:  10/10      EV: 12    Int: 17    God:
Gold:   131        SH:  0    Dex: 13    Spells: 10/11 levels left

rFire    . . .     SeeInvis .   a - +3 dagger (venom)
rCold    . . .     Gourm    .   (no shield)
rNeg     . . .     Faith    .   d - +0 robe
rPois    .         Spirit   .   (no helmet)
rElec    .         Reflect  .   (no cloak)
rCorr    .         Harm     .   f - +0 pair of gloves
MR       .....                  (no boots)
Stlth    ++........             (no amulet)
HPRegen  0.13/turn              (no ring)
MPRegen  0.12/turn              (no ring)

@: no status effects
A: no striking features
a: no special abilities


You were on level 4 of the Dungeon.
You were very hungry.

You visited 1 branch of the dungeon, and saw 4 of its levels.

You collected 131 gold pieces.

Inventory:

Hand Weapons
 a - a +3 dagger of venom (weapon)
 b - a +0 hunting sling
Missiles
 e - 117 stones
 l - 9 sling bullets
 m - 6 datura-tipped darts
 q - 6 poisoned darts (quivered)
Armour
 d - a +0 robe (worn)
 f - a +0 pair of gloves (worn)
Wands
 t - a wand of digging (3)
Scrolls
 g - a scroll of amnesia {unknown}
 h - a scroll of identify
 j - a scroll of remove curse {unknown}
 n - a scroll of teleportation {unknown}
 p - a scroll of enchant weapon {unknown}
 w - a scroll of random uselessness {unknown}
Potions
 i - a potion of invisibility {unknown}
 k - 2 potions of degeneration {unknown}
 o - a potion of flight {unknown}
 r - 2 potions of mutation {unknown}
 s - a potion of magic {unknown}
 u - 2 potions of curing {unknown}
 v - a potion of brilliance
Comestibles
 c - 7 rations


   Skills:
 - Level 2.0 Dodging
 - Level 2.0 Stealth
 + Level 3.1 Spellcasting
 - Level 1.0 Conjurations
 * Level 5.9 Air Magic


You had 10 spell levels left.
You knew the following spells:

 Your Spells              Type           Power        Failure   Level  Hunger
a - Shock                 Conj/Air       ##..         4%          1    None

Your spell library contained the following spells:

 Spells                   Type           Power        Failure   Level  Hunger
 Swiftness                Chrm/Air       ##......     8%          2    ##.....
 Static Discharge         Conj/Air       ##......     12%         3    ###....
 Airstrike                Air            ###.......   14%         4    ####...
 Lightning Bolt           Conj/Air       ##........   75%         5    ######.


Dungeon Overview and Level Annotations

Branches:
Dungeon (4/15)
 Temple: D:4-7

Altars:
Trog
Xom
Zin

Shops:
D:2 *


Message History

You hear a shout! x2; You hear a bark!
You hear a shout! x2; You hear a bark!
The howler monkey hoots and howls with incredible vigour!
You hear a bark!
An orc comes into view. It is wielding a +0 club.
The howler monkey hoots and howls with incredible vigour!
You see here 3 poisoned darts.
The orc closely misses you.
A gnoll comes into view. It is wielding a +0 halberd.
The gnoll shouts!
The gnoll throws a throwing net.
The throwing net barely misses you.
You see here a throwing net.
The howler monkey hoots and howls with incredible vigour!
You hear an angry hiss.
The gnoll closely misses you.
There is a stone staircase leading up here.
Okay, then.
A gnoll comes into view. It is wielding a +0 club.
The gnoll shouts!
The gnoll hits you with a +0 halberd!
You die...

## .# ... #.### #.#
#######... ..# #.#
#.%....... .. #
##.###.......# .#.#
#...##.......####.#.##.
###...##............((...
#....h.<.g.....##..(..#
#...(..o@.....>##.....#
#......O...)<).g(.....#
#.#...##########.#.####
#(#...# #######.#.#
#h########..>....#..
#...h...##.####..####
#######.##.####..#
#.##.#.....# #h##.#.##.##


You could see an ogre, a howler monkey, 2 gnolls and an orc.

Vanquished Creatures
  An orc priest (D:4)
  An orc wizard (D:4)
  Ijyb (D:3)
  A worker ant zombie (D:2)
  6 adders
  2 worms (D:2)
  3 dart slugs
  3 leopard geckos
  5 orcs
  2 ball pythons
  9 bats
  4 giant cockroaches
  8 goblins
  5 hobgoblins
  5 kobolds
  9 frilled lizards
  6 rats
71 creatures vanquished.

Notes
Turn   | Place    | Note
-------+----------+-------------------------------------------
     0 | D:1      | Kagalorn the Human Air Elementalist began the quest for the
                  | Orb.
     0 | D:1      | Reached XP level 1. HP: 13/13 MP: 3/3
   221 | D:1      | Reached XP level 2. HP: 15/19 MP: 5/5
   897 | D:2      | Reached skill level 4 in Air Magic
   897 | D:2      | Reached XP level 3. HP: 24/24 MP: 3/6
   936 | D:2      | Found Zin's Purification Station.
   979 | D:2      | Found a shimmering altar of Xom.
   980 | D:2      | Found a shimmering altar of Xom.
   980 | D:2      | Found a shimmering altar of Xom.
   981 | D:2      | Found a shimmering altar of Xom.
   982 | D:2      | Found a shimmering altar of Xom.
  1183 | D:2      | Reached XP level 4. HP: 30/30 MP: 4/7
  1195 | D:2      | Found a glowing silver altar of Zin.
  1699 | D:2      | Found a shimmering altar of Xom.
  1758 | D:2      | Found a bloodstained altar of Trog.
  2151 | D:3      | Reached XP level 5. HP: 28/35 MP: 8/8
  2165 | D:3      | Reached skill level 5 in Air Magic
  2185 | D:3      | Noticed Ijyb
  2200 | D:3      | Killed Ijyb
  2970 | D:4      | Noticed an ogre
  2976 | D:4      | Reached XP level 6. HP: 41/41 MP: 6/10
  3099 | D:4      | Slain by a gnoll

Levels and vault maps discovered:
D:1:      kilobyte_arrival_exit_the_forest, layout_loops_ring,
          kennysheep_decorative_pillar, hex_large
D:2:      minmay_wonky_spiral, layout_basic, lightli_temple_of_fire, zin_purify,
          xom_redecorated
D:3:      layout_loops_ring, chequers_serial_rivers_room_a, uniq_ijyb
D:4:      lemuel_castle_with_subvaults [lemuel_castle_interior_carwin_3],
          layout_loops_cross, grunt_temple_overflow_lords_of_destruction,
          grunt_temple_overflow_forces_of_nature, okawaru_metal_pillars_1_2,
          enter_ossuary_1, first_ration

Skill      XL: |  1  2  3  4  5 |
---------------+----------------+-----
Air Magic      | 4 5 |  5.9
Spellcasting   | 3 |  3.1
Dodging        | |  2.0
Stealth        | |  2.0
Conjurations   | |  1.0

Action                   |  1- 3 |  4- 6 || total
-------------------------+-------+-------++-------
Melee: Dagger            |    37 |   110 ||   147
       Unarmed           |     1 |       ||     1
Throw: Dart              |       |     6 ||     6
 Cast: Shock             |    15 |    33 ||    48
  Use: Scroll            |       |     1 ||     1
 Stab: Sleeping          |     2 |    10 ||    12
  Eat: Chunk             |       |     6 ||     6
Armor: Robe              |    10 |    19 ||    29
Dodge: Dodged            |    36 |    67 ||   103

Table legend:
 A = Non-vault XP
 B = Vault XP
 C = Vault XP percentage of total XP
 D = Non-vault monster count
 E = Vault monster count
 F = Vault count percentage of total count
                 A         B        C        D         E       F
            +---------+---------+-------+---------+---------+-------
      Total |     294 |      41 |  12.2 |      69 |       2 |   2.8
            +---------+---------+-------+---------+---------+-------
        D:1 |      27 |       0 |   0.0 |      16 |       0 |   0.0
        D:2 |     101 |       5 |   4.7 |      26 |       1 |   3.7
        D:3 |      82 |      36 |  30.5 |      24 |       1 |   4.0
        D:4 |      84 |       0 |   0.0 |       3 |       0 |   0.0
            +---------+---------+-------+---------+---------+-------
